 Dungeon Crawl Stone Soup version 0.31-a0-968-g24f9ace8b5 (webtiles) character file.

Game seed: 8446386150763573742

77 Xavori the Trooper (level 4, -6/52 HPs)
             Began as a Djinni Chaos Knight on Oct 27, 2023.
             Was a Plaything of Xom.
             Mangled by Crazy Yiuf
             ... wielding a +4 quarterstaff of chaos
              (9 damage)
             ... while paralysed by Crazy Yiuf
             ... on level 2 of the Dungeon.
             The game lasted 00:01:33 (8548 turns).

Xavori the Trooper (Djinni Chaos Knight)            Turns: 8548, Time: 00:01:34

Health: -6/52      AC: 22    Str: 10 (11) XL:     4   Next: 58%
Gold:   68         EV:  2    Int: 19      God:    Xom [....*.] SH:  0 Dex: 13 (15)

rFire   . . .        a - +0 falchion (chaos)
rCold   . . .        (no shield)
rNeg    . . .        b - melded +2 leather armour
rPois   ∞            (helmet currently unavailable)
rElec   .            (cloak currently unavailable)
rCorr   .            (gloves currently unavailable)
SInv    .            (boots unavailable)
Will    .....        (no amulet)
Stlth   +            g - +6 ring of intelligence
HPRegen 0.28/turn    (no ring)
MPRegen 0.00/turn

%: clarity, infuse magic (-7 HP)
@: paralysed, mighty, tree-form (expiring)
A: stationary, stasis, torment immunity, boosted hp, sickness immunity, (fire
resistance 2), (cold vulnerability 2), float, innate caster, HP casting, extra
vitality 1, (antennae 1), clarity, (shaggy fur 1), no potion heal 1, MP-powered
wands
a: Renounce Religion


You were on level 2 of the Dungeon.
You worshipped Xom.
You were a beloved toy of Xom.
You were a tree.
You visited 1 branch of the dungeon, and saw 2 of its levels.

You collected 68 gold pieces.

Inventory:

Hand Weapons
 a - a +0 falchion of chaos (weapon)
Armour
 b - a +2 leather armour (melded)
Jewellery
 g - a +6 ring of intelligence (left branch)
 h - a ring of wizardry
Wands
 f - a wand of iceblast (3)
Scrolls
 c - a scroll of butterflies
 e - a scroll of teleportation {unknown}
 i - 4 scrolls of identify {unknown}
Potions
 d - a potion of haste {unknown}
 j - a potion of mutation {unknown}
 k - a potion of might {unknown}


   Skills:
 + Level 3.4 Fighting
 + Level 3.1 Long Blades
 + Level 1.8 Armour
 + Level 2.8 Dodging
 * Level 1.2 Spellcasting
 * Level 1.2 Conjurations
 * Level 1.2 Hexes
   Level 0.0 Charms
 * Level 1.2 Summonings
 * Level 1.2 Necromancy
 * Level 1.2 Translocations
 * Level 1.2 Transmutations
 * Level 1.2 Fire Magic
 * Level 1.2 Ice Magic
 * Level 1.2 Air Magic
 * Level 1.2 Earth Magic
 * Level 1.2 Poison Magic


You knew the following spells:

 Your Spells              Type           Power      Damage    Failure   Level
a - Magic Dart            Conj           20%        1d4       11%         1
Your spell library was empty.

Dungeon Overview and Level Annotations

Branches:
Dungeon (2/15)

Altars:

Annotations:
D:2 Crazy Yiuf


Innate Abilities, Weirdness & Mutations

You are a tree.
Your roots penetrate the ground, keeping you stationary.
You cannot be teleported.
You are immune to unholy pain and torment.
Your maximum health is greatly increased.
Your equipment is partially melded.
You are immune to sickness and miasma.
You are immune to poison.
((Your flesh is very heat resistant. (rF++)))
((You are very vulnerable to cold. (rC--)))
You float through the air rather than walking.
You learn spells naturally, not from books.
Your magical power is your life essence.
You have superior vitality. (+4 MHP)
((You have a pair of small antennae on your head.))
You possess an exceptional clarity of mind.
((You are covered in fur. (AC +1)))
Potions are less effective at restoring your health.
You expend health (3 HP) to strengthen your wands.


Message History

You turn into a tree.
Your +2 leather armour melds into your body.
Your roots penetrate the ground.
Your limbs are stiffening.
Unknown command.
Unknown command.
You hit Crazy Yiuf.
Crazy Yiuf is moderately wounded.
Crazy Yiuf barely misses you.
Crazy Yiuf hits you with a +4 quarterstaff of chaos.
* * * LOW HITPOINT WARNING * * *
You resist with some effort.
You have turned to stone.
Crazy Yiuf hits you with a +4 quarterstaff of chaos!
* * * LOW HITPOINT WARNING * * *
You resist with some effort.
Crazy Yiuf hits you with a +4 quarterstaff of chaos.
* * * LOW HITPOINT WARNING * * *
Crazy Yiuf hits you but does no damage.
You easily resist.
Crazy Yiuf hits you but does no damage.
You feel very mighty all of a sudden.
Crazy Yiuf hits you with a +4 quarterstaff of chaos!
* * * LOW HITPOINT WARNING * * *
You feel mightier all of a sudden.
Xom thinks this is hilarious!
Your transformation is almost over.
Crazy Yiuf hits you with a +4 quarterstaff of chaos.
* * * LOW HITPOINT WARNING * * *
You turn to wood and can move again.
Unknown command.
Unknown command.
Unknown command.
You closely miss Crazy Yiuf.
Crazy Yiuf is moderately wounded.
Crazy Yiuf hits you but does no damage.
Unknown command.
You hit Crazy Yiuf.
Crazy Yiuf is poisoned.
Crazy Yiuf is heavily wounded.
Crazy Yiuf hits you but does no damage.
You suddenly lose the ability to move!
Crazy Yiuf hits you with a +4 quarterstaff of chaos!
You die...
Xom snickers!

###### #.#.####.##..#
#.#.# #.##..# #.#.#
#.##..# #########
##### #.##..#
........# #.#..<####
######### #.#....... #
####♣ ### ###.######
#######.#.♣♣♣ ♣♣#..)#
#.#
....##....PP♣♣♣♣♣g...#
###.######
###..........♣..♣#...#
#.....†...
#.#####)..♣.♣♣♣**###
#########. #.# ##♣♣♣♣♣
#. #.# #. ###.### ###
### ### #. ......# #.#
#.# #.# #.
.##.#.####.########.#
#.# #.
.##.#...............#
#.# #.


You could see Crazy Yiuf (very poisoned).

Vanquished Creatures
  Terence (D:2)
  An adder (D:2)
  A worm (D:2)
  7 endoplasms
  A giant cockroach (D:2)
  7 goblins
  4 hobgoblins
  A quokka (D:2)
  3 ball pythons
  2 bats (D:2)
  3 frilled lizards (D:1)
  4 kobolds
  5 rats
40 creatures vanquished.

Notes
Turn   | Place    | Note
-------+----------+-------------------------------------------
     0 | D:1      | Xavori the Djinni Chaos Knight began the quest for the Orb.
     0 | D:1      | Reached XP level 1. HP: 20/20 MP: 0/0
   238 | D:1      | Reached XP level 2. HP: 25/25 MP: 0/0
   414 | D:1      | XOM: cloud trail
   473 | D:1      | XOM: polymorph ball python -> kobold
  1030 | D:1      | XOM: stat loss: -1 Dex (9/12)
  1317 | D:1      | XOM: god gift: wand of iceblast (3)
  1346 | D:1      | XOM: cloud trail
  1455 | D:1      | XOM: cloud trail
  1570 | D:1      | XOM: give mutations
  1570 | D:1      | Gained mutation: You expend health (3 HP) to strengthen
                  | your wands. [Xom's mischief]
  1570 | D:1      | Gained mutation: You have a somewhat thin skeletal
                  | structure. (Dex +2, Stealth+) [Xom's mischief]
  1623 | D:1      | XOM: god gift: 16 gold pieces
  2813 | D:1      | XOM: give mutation
  2813 | D:1      | Gained mutation: Potions are less effective at restoring
                  | your health. [Xom's mischief]
  2987 | D:1      | XOM: cloud trail
  3360 | D:1      | XOM: give mutations
  3360 | D:1      | Gained mutation: You have hidden genetic potential. [Xom's
                  | mischief]
  3360 | D:1      | Gained mutation: You have a pair of small antennae on your
                  | head. [Xom's mischief]
  3360 | D:1      | Lost mutation: You have a somewhat thin skeletal structure.
                  | (Dex +2, Stealth+) [Xom's mischief]
  3360 | D:1      | Gained mutation: You are very vulnerable to cold. (rC--)
                  | [Xom's mischief]
  3755 | D:1      | XOM: draining
  3768 | D:1      | XOM: torment (12/21 hp)
  4040 | D:1      | XOM: summons 2 hostile demons
  4041 | D:1      | Noticed a red devil
  4072 | D:2      | XOM: divination: magic mapping
  4243 | D:1      | XOM: silly message
  4508 | D:1      | XOM: divination: magic mapping
  5793 | D:1      | XOM: silly message
  5973 | D:1      | XOM: divination: detect items
  6617 | D:1      | XOM: summons 2 hostile demons
  6618 | D:1      | Noticed a crimson imp
  6851 | D:2      | XOM: divination: magic mapping
  7684 | D:2      | Reached XP level 3. HP: 11/27 MP: 0/0
  7684 | D:2      | Learned a level 1 spell: Magic Dart
  7876 | D:2      | Gained mutation: You are covered in fur. (AC +1) [hidden
                  | potential]
  7964 | D:2      | Found a runed translucent door.
  7965 | D:2      | Noticed Crazy Yiuf
  8131 | D:2      | Noticed Terence
  8143 | D:2      | Killed Terence
  8144 | D:2      | Reached skill level 1 in Spellcasting
  8144 | D:2      | Reached skill level 1 in Conjurations
  8144 | D:2      | Reached skill level 1 in Hexes
  8144 | D:2      | Reached skill level 1 in Summonings
  8144 | D:2      | Reached skill level 1 in Necromancy
  8144 | D:2      | Reached skill level 1 in Translocations
  8144 | D:2      | Reached skill level 1 in Transmutations
  8144 | D:2      | Reached skill level 1 in Fire Magic
  8144 | D:2      | Reached skill level 1 in Ice Magic
  8144 | D:2      | Reached skill level 1 in Air Magic
  8144 | D:2      | Reached skill level 1 in Earth Magic
  8144 | D:2      | Reached skill level 1 in Poison Magic
  8144 | D:2      | Reached XP level 4. HP: 23/35 MP: 0/0
  8146 | D:2      | Gained mutation: You possess an exceptional clarity of
                  | mind. [hidden potential]
  8146 | D:2      | Lost mutation: You have hidden genetic potential. [hidden
                  | potential expressed]
  8545 | D:2      | HP: 2/52 [Crazy Yiuf/+4 quarterstaff of chaos (2)]
  8547 | D:2      | Paralysed by Crazy Yiuf for 4 turns
  8548 | D:2      | Mangled by Crazy Yiuf

Illustrated notes

Levels and vault maps discovered:
D:1:      dpeg_arrival_chambers_temple_mockup, layout_loops_cross
D:2:      layout_loops_ring, uniq_terence, uniq_crazy_yiuf_cottage

Skill      XL: |  1  2  3 |
---------------+----------+-----
Long Blades    | 3 |  3.1
Spellcasting   | 1 |  1.2
Conjurations   | 1 |  1.2
Hexes          | 1 |  1.2
Summonings     | 1 |  1.2
Necromancy     | 1 |  1.2
Translocations | 1 |  1.2
Transmutations | 1 |  1.2
Fire Magic     | 1 |  1.2
Ice Magic      | 1 |  1.2
Air Magic      | 1 |  1.2
Earth Magic    | 1 |  1.2
Poison Magic   | 1 |  1.2
Fighting       | |  3.4
Armour         | |  1.8
Dodging        | |  2.8

Action                     |  1- 3 |  4- 6 || total
---------------------------+-------+-------++-------
  Melee: Falchion          |    90 |    19 ||   109
         Punch             |     4 |       ||     4
    Use: Potion            |     1 |       ||     1
   Stab: Sleeping          |       |     1 ||     1
 Armour: Leather armour    |    58 |     9 ||    67
         Skin              |       |    10 ||    10
  Dodge: Dodged            |    51 |     5 ||    56

Table legend: (Time is in decaauts)
 A = Elapsed time spent in this place.
 B = Non-inter-level travel time spent in this place.
 C = Inter-level travel time spent in this place.
 D = Time resting spent in this place.
 E = Time spent auto-exploring this place.
 F = Levels seen in this place.
 G = Mean time per level.
                   A        B        C        D        E       F      G
               +--------+--------+--------+--------+--------+-----+--------+
         Total |   8569 |   8530 |     39 |   7001 |   1238 |   2 | 4284.5 |
       Dungeon |   8569 |   8530 |     39 |   7001 |   1238 |   2 | 4284.5 |
               +--------+--------+--------+--------+--------+-----+--------+

Top non-repeatable levels by time:
     D:1: 7246 daAuts
     D:2: 1323 daAuts
